 Dungeon Crawl Stone Soup version 0.26-a0-712-ga5a9c9c9d0 (webtiles) character file.

Game seed: 532882846748414968

1997 strifetoe the Conjurer (level 9, -9/51 HPs)
             Began as a Gargoyle Hedge Wizard on Nov 1, 2020.
             Was an Initiate of Sif Muna.
             Hit by a boomerang thrown by an orc warrior (10 damage)
             ... on level 7 of the Dungeon.
             The game lasted 00:21:01 (10582 turns).

strifetoe the Conjurer (Gargoyle Hedge Wizard)     Turns: 10582, Time: 00:21:03

Health: -9/51      AC: 14    Str: 14    XL:     9   Next: 21%
Magic:  11/16      EV: 11    Int: 18    God:    Sif Muna [......]
Gold:   192        SH:  0    Dex:  9    Spells: 7/18 levels left

rFire    + . .     SeeInvis +   f - +0 spear
rCold    + . .     Faith    .   (no shield)
rNeg     + . .     Spirit   .   g - +2 leather armour {rC+}
rPois    ∞         Reflect  .   n - +0 helmet
rElec    +         Harm     .   z - +0 cloak
rCorr    .         Rampage  .   (no gloves)
MR       .....                  y - +0 pair of boots
Stlth    +.........             (no amulet)
HPRegen  0.17/turn              q - ring of protection from fire
MPRegen  0.15/turn              E - ring of see invisible

@: no status effects
A: negative energy resistance 1, electricity resistance, unbreathing,
petrification resistance, rot immunity, AC +6
a: Renounce Religion


You were on level 7 of the Dungeon.
You worshipped Sif Muna.
Sif Muna was noncommittal.
You visited 2 branches of the dungeon, and saw 8 of its levels.

You collected 296 gold pieces.
You spent 104 gold pieces at shops.

Inventory:

Hand Weapons
 a - a +0 dagger
 c - a +3 quarterstaff of chaos
 f - a +0 spear (weapon)
Missiles
 m - 4 throwing nets (quivered)
Armour
 b - a +0 robe
 g - a +2 leather armour of cold resistance (worn)
 n - a +0 helmet (worn)
 u - a +1 kite shield of protection
 y - a +0 pair of boots (worn)
 z - a +0 cloak (worn)
Jewellery
 j - an uncursed ring of wizardry {unknown}
 q - a ring of protection from fire (left hand)
 E - a ring of see invisible (right hand)
 G - an uncursed ring of fire {unknown}
Scrolls
 e - 2 scrolls of amnesia
 h - a scroll of immolation
 k - a scroll of fear
 p - 3 scrolls of remove curse
 r - a scroll of blinking
 x - a scroll of fog
 B - 2 scrolls of magic mapping
 D - a scroll of enchant armour
 F - a scroll of identify
Potions
 d - a potion of lignification {unknown}
 i - 2 potions of ambrosia {unknown}
 o - 4 potions of might {unknown}
 s - a potion of magic {unknown}
 t - 4 potions of flight
 v - a potion of heal wounds {unknown}
 w - 4 potions of berserk rage {unknown}
 A - 3 potions of curing {unknown}
 C - 2 potions of stabbing {unknown}
 H - a potion of mutation {unknown}


   Skills:
 + Level 3.3 Fighting
 + Level 0.9 Armour
 - Level 1.5 Dodging
 - Level 2.1 Stealth
 - Level 5.2 Spellcasting
 - Level 7.0 Conjurations
 - Level 3.3 Summonings
 - Level 1.0 Translocations
 - Level 4.2 Air Magic
 + Level 4.1 Poison Magic


You had 7 spell levels left.
You knew the following spells:

 Your Spells              Type           Power        Failure   Level
a - Magic Dart            Conj           ####         1%          1
b - Call Imp              Summ           ###.....     6%          2
c - Blink                 Tloc           N/A          16%         2
d - Mephitic Cloud        Conj/Pois/Air  ###.....     6%          3
e - Conjure Flame         Conj/Fire      ###.....     11%         3

Your spell library contained the following spells:

 Spells                   Type           Power        Failure   Level
 Slow                     Hex            #.......     24%         2


Dungeon Overview and Level Annotations

Branches:
Dungeon (7/15)             Temple (1/1) D:6

Altars:
Ashenzari
Cheibriados
Dithmenos
Elyvilon
Gozag
Hepliaklqana
Kikubaaqudgha
Makhleb
Nemelex Xobeh
Okawaru
Qazlal
Ru
Sif Muna
Trog
Vehumet
Xom
Yredelemnul
The Shining One

Shops:
D:4 *

Annotations:
D:3 exclusion: downstairs


Innate Abilities, Weirdness & Mutations

You are resistant to torment.
Your stone body is resilient. (AC +6)
You are immune to poison.
You resist negative energy. (rN+)
You are resistant to electric shocks. (rElec)
You can survive without breathing.
You are immune to petrification.
You are immune to rotting.


Message History

The weapon returns to the orc warrior!
Casting: Magic Dart (safe; 1% risk of failure)
Confirm with . or Enter, or press ? or * to list all spells.
The fire begins to smolder!
The orc warrior throws a boomerang.
The boomerang hits you!
The weapon returns to the orc warrior!
The orc warrior throws a boomerang.
The boomerang hits you!
The weapon returns to the orc warrior!
The fire ignites!
The orc warrior throws a boomerang.
The boomerang hits you!
* * * LOW HITPOINT WARNING * * *
The weapon returns to the orc warrior!
Casting: Conjure Flame (dangerous; 11% risk of failure)
Confirm with . or Enter, or press ? or * to list all spells.
A shadowy apparition takes form in the air.
The orc priest invokes the aid of Beogh against you.
Beogh smites you!
* * * LOW HITPOINT WARNING * * *
The orc warrior throws a boomerang.
The boomerang barely misses your shadow imp.
The boomerang hits you!
You die...

#<# #.# #.# #.####.#
#.# #.# #.# #.# #.#
#.# #.# #.. ..# #.#
#.# #.# ### #.# #.#
#.# ..# #.# ##.# ..
#.# #..#
#.###.#############..
#......<.†..@§5..oo..
#####.#############!.
#.# #.# #.# #.# #.#
#.#


You could see an orc warrior, an orc priest and a friendly shadow imp
(summoned).

Vanquished Creatures
  Grinder (D:4)
  A sky beast (D:6)
  2 ogres
  2 centaurs
  2 bullfrogs
  A wyvern zombie (D:6)
  4 killer bees (D:7)
  A howler monkey (D:4)
  2 wights (D:6)
  A centaur zombie (D:6)
  A hound (D:6)
  A jelly (D:5)
  An orc wizard (D:3)
  Crazy Yiuf (D:3)
  A centaur skeleton (D:5)
  An orc priest (D:6)
  Natasha (D:3)
  An iguana (D:7)
  3 worker ants
  A hound zombie (D:7)
  5 gnolls
  4 adders
  A white imp (D:6)
  2 oozes
  An adder skeleton (D:6)
  2 dart slugs
  5 leopard geckos
  15 orcs
  4 giant cockroaches
  9 goblins
  11 hobgoblins
  8 jackals
  3 quokkas
  A ball python (D:4)
  4 bats
  6 frilled lizards
  A jackal skeleton (D:4)
  10 kobolds
  8 rats
129 creatures vanquished.

Vanquished Creatures (collateral kills)
  Prince Ribbit (D:5)
  Sigmund (D:3)
  An orc warrior (D:6)
  2 ice beasts
  Blork the orc (D:4)
  A wight (D:6)
  An orc wizard (D:3)
  Jessica (D:2)
  A worker ant (D:4)
  Natasha (D:3)
  Robin (D:2)
  4 adders
  An ufetubus (D:6)
  A worm (D:2)
  3 orcs
  2 goblins (D:1)
  2 jackals (D:4)
25 creatures vanquished.

Vanquished Creatures (others)
  A fungus (D:3)
  2 plants (D:4)
3 creatures vanquished.

Grand Total: 157 creatures vanquished

Notes
Turn   | Place    | Note
-------+----------+-------------------------------------------
     0 | D:1      | strifetoe the Gargoyle Hedge Wizard began the quest for the
                  | Orb.
     0 | D:1      | Reached XP level 1. HP: 10/10 MP: 4/4
   132 | D:1      | Reached skill level 2 in Conjurations
   132 | D:1      | Reached XP level 2. HP: 7/15 MP: 0/6
   561 | D:1      | Reached skill level 3 in Conjurations
   600 | D:1      | Reached XP level 3. HP: 16/19 MP: 7/7
   608 | D:1      | Learned a level 2 spell: Call Imp
   721 | D:1      | Reached skill level 1 in Summonings
  1187 | D:2      | Noticed Robin
  1416 | D:1      | Learned a level 2 spell: Blink
  1463 | D:1      | Reached skill level 1 in Translocations
  1463 | D:1      | Reached XP level 4. HP: 11/24 MP: 2/8
  1829 | D:2      | Killed Robin
  2745 | D:2      | Found a white marble altar of Elyvilon.
  2750 | D:2      | Noticed Jessica
  2762 | D:2      | Killed Jessica
  2762 | D:2      | Reached XP level 5. HP: 28/28 MP: 1/9
  2767 | D:2      | Learned a level 3 spell: Mephitic Cloud
  3605 | D:3      | Reached skill level 4 in Conjurations
  4078 | D:3      | Noticed Natasha
  4121 | D:3      | Killed Natasha
  4121 | D:3      | Reached skill level 1 in Poison Magic
  4121 | D:3      | Reached XP level 6. HP: 26/32 MP: 1/10
  4226 | D:3      | Reached skill level 1 in Air Magic
  4391 | D:3      | Noticed Sigmund
  4451 | D:3      | Killed Sigmund
  4605 | D:3      | Noticed Natasha
  4616 | D:3      | Killed Natasha
  4966 | D:3      | Found a runed translucent door.
  4967 | D:3      | Noticed Crazy Yiuf
  4980 | D:3      | Killed Crazy Yiuf
  5071 | D:4      | Found Omedircho's Assorted Antiques.
  5080 | D:4      | Bought a viscous orange potion for 16 gold pieces
  5080 | D:4      | Bought a scroll labeled VUUPHUI YNWYL for 18 gold pieces
  5080 | D:4      | Bought a fizzy white potion for 16 gold pieces
  5080 | D:4      | Bought a scroll labeled SUNLAPHEMOU for 18 gold pieces
  5080 | D:4      | Bought a scroll labeled VUUPHUI YNWYL for 18 gold pieces
  5080 | D:4      | Bought a scroll labeled MAURIVEDAF for 18 gold pieces
  5485 | D:4      | Reached XP level 7. HP: 36/36 MP: 7/12
  5624 | D:4      | Noticed Blork the orc
  6002 | D:4      | Killed Blork the orc
  6560 | D:5      | Entered Level 5 of the Dungeon
  6573 | D:5      | Reached skill level 5 in Conjurations
  6868 | D:5      | Found a stormy altar of Qazlal.
  6868 | D:5      | Noticed Prince Ribbit
  6878 | D:5      | Killed Prince Ribbit
  7056 | D:5      | Reached skill level 6 in Conjurations
  7139 | D:5      | Noticed Grinder
  7148 | D:5      | Paralysed by Grinder for 5 turns
  7166 | D:4      | Paralysed by Grinder for 7 turns
  7181 | D:4      | Paralysed by Grinder for 2 turns
  7194 | D:4      | Killed Grinder
  7194 | D:4      | Reached XP level 8. HP: 41/41 MP: 3/14
  7307 | D:5      | You fall into a shaft and drop 2 floors!
  7372 | D:7      | Reached skill level 7 in Conjurations
  7531 | D:7      | Learned a level 3 spell: Conjure Flame
  7579 | D:6      | Reached skill level 1 in Fighting
  8437 | D:6      | Found a staircase to the Ecumenical Temple.
  8525 | Temple   | Entered the Ecumenical Temple
  8729 | Temple   | Became a worshipper of Sif Muna the Loreminder
  9641 | D:6      | Reached XP level 9. HP: 41/50 MP: 7/16
 10023 | D:7      | Found an opulent altar of Gozag.
 10066 | D:7      | Reached skill level 5 in Spellcasting
 10582 | D:7      | HP: 1/51 [orc priest/divine providence (15)]
 10582 | D:7      | Hit by a boomerang thrown by an orc warrior

Illustrated notes

Levels and vault maps discovered:
D:1:      heliophobic_arrival_enchanted_forest, layout_basic
D:2:      layout_loops_ring, elyvilon_altar_5, uniq_jessica, uniq_robin
D:3:      layout_loops_ring, uniq_crazy_yiuf_cottage, uniq_natasha, uniq_sigmund
D:4:      layout_layer_cave, serial_shops, nicolae_shop_overgrown_old_shop,
          saegor_snake_ambush, uniq_blork_the_orc
D:5:      layout_cave_pods, grunt_qazlal_clouds, uniq_prince_ribbit1,
          uniq_grinder
D:6:      layout_loops_corners, minmay_temple_entry_mini_moons
D:7:      layout_loops_ring, lemuel_crystal_altar
Temple:   roderic_octagonal_lattice_temple

Skill      XL: |  1  2  3  4  5  6  7  8  9 |
---------------+----------------------------+-----
Conjurations   | 2 3 4 6 7 |  7.0
Summonings     | 2 3 |  3.3
Translocations | 1 |  1.0
Poison Magic   | 1 2 4 |  4.1
Air Magic      | 2 3 4 |  4.2
Spellcasting   | 4 5 |  5.2
Fighting       | 3 |  3.3
Armour         | |  0.9
Dodging        | |  1.5
Stealth        | |  2.1

Action                   |  1- 3 |  4- 6 |  7- 9 || total
-------------------------+-------+-------+-------++-------
Melee: Dagger            |    19 |       |       ||    19
       Spear             |    97 |   271 |   328 ||   696
 Cast: Magic Dart        |    16 |    83 |    50 ||   149
       Call Imp          |     6 |    34 |    53 ||    93
       Blink             |     1 |       |     5 ||     6
       Mephitic Cloud    |       |       |    13 ||    13
       Conjure Flame     |       |       |    17 ||    17
Evoke: Wand              |       |       |    17 ||    17
  Use: Scroll            |       |     3 |    11 ||    14
 Stab: Sleeping          |     2 |     5 |     1 ||     8
       Distracted        |       |     1 |     1 ||     2
       Confused          |       |       |     6 ||     6
Armor: Robe              |    38 |    21 |       ||    59
       Leather armour    |       |    94 |   162 ||   256
Dodge: Dodged            |    73 |   203 |   183 ||   459

Table legend: (Time is in decaauts)
 A = Elapsed time spent in this place.
 B = Non-inter-level travel time spent in this place.
 C = Inter-level travel time spent in this place.
 D = Time resting spent in this place.
 E = Time spent auto-exploring this place.
 F = Levels seen in this place.
 G = Mean time per level.
                   A        B        C        D        E       F      G
               +--------+--------+--------+--------+--------+-----+--------+
         Total |  10705 |  10362 |    343 |   3172 |   4774 |   8 | 1338.1 |
       Dungeon |  10485 |  10170 |    315 |   3172 |   4583 |   7 | 1497.9 |
        Temple |    220 |    192 |     28 |      0 |    191 |   1 |  220.0 |
               +--------+--------+--------+--------+--------+-----+--------+

Top non-repeatable levels by time:
     D:6: 2082 daAuts
     D:3: 1825 daAuts
     D:1: 1824 daAuts
     D:2: 1623 daAuts
     D:4: 1488 daAuts
     D:5: 898 daAuts
     D:7: 742 daAuts
  Temple: 220 daAuts
